 Dungeon Crawl Stone Soup version 0.29.1-12-g30fa7ad0bf (webtiles) character file.

Game seed: 2012579829815185436

447 hawla the Firebug (level 7, -1/52 HPs)
             Began as a Meteoran Fire Elementalist on Jan 7, 2023.
             Was an Initiate of Vehumet.
             Killed by divine providence
             ... invoked by an orc priest
              (13 damage)
             ... on level 5 of the Dungeon.
             The game lasted 00:05:16 (1023 turns).

hawla the Firebug (Meteoran Fire Elementalist)      Turns: 1023, Time: 00:05:17

Health: -1/52      AC:  3    Str:  9    XL:     7   Next: 49%
Magic:  2/14       EV: 13    Int: 20    God:    Vehumet [......]
Gold:   62         SH:  0    Dex: 14    Spells: 7/14 levels left

rFire   . . .      SeeInvis .   c - +4 long sword
rCold   . . .      Faith    .   (no shield)
rNeg    . . .      Spirit   .   a - +0 robe
rPois   .          Reflect  .   (no helmet)
rElec   .          Harm     .   d - +0 cloak
rCorr   .          Rampage  .   (no gloves)
Will    .....                   (no boots)
Stlth   +.........              (no amulet)
HPRegen 0.17/turn               (no ring)
MPRegen 0.14/turn               (no ring)

@: glowing
A: sense surroundings 1, otherworldly, glowing, explore regen
a: Renounce Religion


You were on level 5 of the Dungeon.
You worshipped Vehumet.
Vehumet was noncommittal.
You visited 2 branches of the dungeon, and saw 6 of its levels.

You collected 62 gold pieces.

Inventory:

Hand Weapons
 c - a +4 long sword (weapon)
Armour
 a - a +0 robe (worn)
 d - a +0 cloak (worn)
Wands
 e - a wand of polymorph (10)
Scrolls
 j - a scroll of immolation {unknown}
 l - a scroll of poison {unknown}
Potions
 b - 2 potions of magic
 f - a potion of cancellation
 g - a potion of degeneration {unknown}
 h - 4 potions of curing {unknown}
 i - a potion of might {unknown}
 k - a potion of brilliance {unknown}


   Skills:
 + Level 1.0 Fighting
 + Level 2.3 Long Blades
 + Level 3.0 Dodging
 - Level 1.4 Stealth
 + Level 4.1 Spellcasting
 + Level 5.1 Conjurations
 + Level 5.5 Fire Magic
 + Level 2.0 Evocations


You had 7 spell levels left.
You knew the following spells:

 Your Spells              Type           Power      Damage    Failure   Level
a - Foxfire               Conj/Fire      100%       2x1d9     1%          1
b - Scorch                Fire           52%        2d7       1%          2
c - Flame Wave            Conj/Fire      25%        2d8       14%         4

Your spell library contained the following spells:

 Spells                   Type           Power      Damage    Failure   Level
 Conjure Flame            Conj/Fire      25%        6-21      4%          3
 Inner Flame              Hex/Fire       15%        N/A       12%         3


Dungeon Overview and Level Annotations

Branches:
Dungeon (5/15) Zot: 2100   Temple (1/1) D:5 Zot: 464

Altars:
Ashenzari
Dithmenos
Fedhas
Gozag
Hepliaklqana
Ru
Trog
Vehumet
Wu Jian
Xom
Yredelemnul
Zin
The Shining One

Shops:
D:3 *


Innate Abilities, Weirdness & Mutations

You passively map a small area around you.
You are easily found by Zot.
You glow in the dark.
You regain HP and MP as you explore.


Message History

Casting: Flame Wave (quite dangerous; 14% risk of failure)
Press: ? - help, Dir - look around, f - activate A wave of flame ripples out!
The flame wave engulfs the orc.
You kill the orc!
Vehumet accepts your kill. (Press . to intensify the flame waves.) Unknown command.
A wave of flame ripples out!
The orc wizard gestures wildly while chanting.
The orc wizard flickers and vanishes!
Deactivating autopickup; reactivate with Ctrl-A.
An orc comes into view. It is wielding a +0 mace.
A wave of flame ripples out!
The flame wave engulfs the orc priest!
The orc priest is severely wounded.
The flame wave engulfs the orc wizard.
The orc wizard is heavily wounded.
You finish channelling waves of flame.
The orc wizard gestures wildly while chanting.
The orc wizard flickers and vanishes!
Casting: Flame Wave (quite dangerous; 14% risk of failure)
Confirm with . or Enter, or press ? or * to list all spells.
Flames lash something.
Vehumet accepts your kill.
Reactivating autopickup.
You feel a bit more experienced.
An orc priest comes into view. It is wielding a +0 whip.
The orc priest barely misses you.
Casting: Scorch (safe; 1% risk of failure)
Confirm with . or Enter, or press ? or * to list all spells.
You conjure some foxfire!
The orc priest casts a cantrip, but nothing happens.
Casting: Foxfire (safe; 1% risk of failure)
Confirm with . or Enter, or press ? or * to list all spells.
Flames lash the orc priest.
You kill the orc priest!
Vehumet accepts your kill.
The foxfire hits something.
The orc priest calls down the wrath of Beogh upon you.
Beogh smites you!
You die...

#.......#....####..##< *
#.......##....####.... ,,
#.......####...##...#.
..##.......##...#.....###
,
...........#.....#..>.###
,
...........#.....##....##
...........#.....##...##.
,
........§§.#....###..##..
,.......§@§.#....###.#....
[.###..v##.####..#.......
** # #...##.# ##.......##
* #...o.... *######### ,
#...o,,... #.... ,... ,
##o##* , ..# , , * #. * ,
* * ,


You could see an orc priest and 2 orcs.

Vanquished Creatures
  A black bear (D:4)
  2 necrophages (D:4)
  A howler monkey (D:4)
  A hound (D:4)
  3 orc priests
  An iguana (D:5)
  An orc wizard (D:5)
  2 adders (D:4)
  A worm (D:4)
  2 dart slugs
  4 orcs
  2 endoplasms (D:4)
  3 goblins
  3 hobgoblins (D:4)
  3 quokkas
  4 ball pythons
  A bat (D:3)
  A frilled lizard (D:3)
  A kobold (D:4)
37 creatures vanquished.

Vanquished Creatures (collateral kills)
  A foxfire (D:3)
1 creature vanquished.

Vanquished Creatures (others)
  52 foxfires
52 creatures vanquished.

Grand Total: 90 creatures vanquished

Notes
Turn   | Place    | Note
-------+----------+-------------------------------------------
     0 | D:1      | hawla the Meteoran Fire Elementalist began the quest for
                  | the Orb.
     0 | D:1      | Reached XP level 1. HP: 14/14 MP: 5/5
    42 | D:1      | Reached XP level 2. HP: 15/20 MP: 0/6
   263 | D:4      | Noticed a hound
   267 | D:4      | Reached XP level 3. HP: 26/26 MP: 1/8
   272 | D:4      | Reached XP level 4. HP: 24/33 MP: 1/9
   275 | D:4      | Learned a level 2 spell: Scorch
   276 | D:4      | Noticed a black bear
   277 | D:4      | Noticed a necrophage
   292 | D:3      | Found Ynamusos's Assorted Antiques.
   298 | D:3      | Learned a level 4 spell: Flame Wave
   334 | D:4      | Found a shadowy altar of Dithmenos.
   334 | D:4      | Found a sacrificial altar of Ru.
   334 | D:4      | Found a blossoming altar of Fedhas.
   382 | D:4      | Killed a black bear
   383 | D:4      | Reached XP level 5. HP: 38/38 MP: 1/10
   404 | D:4      | Reached XP level 6. HP: 45/45 MP: 1/12
   415 | D:4      | Reached skill level 5 in Fire Magic
   420 | D:4      | Identified the +5 ring mail "Wusuonoe" {rC+ Will+ rCorr}
   508 | D:4      | Reached skill level 1 in Long Blades
   508 | D:4      | Reached XP level 7. HP: 34/51 MP: 13/13
   741 | D:4      | Reached skill level 5 in Conjurations
   749 | D:4      | Found a hazy altar of Hepliaklqana.
   756 | D:4      | Found a shimmering altar of Xom.
   807 | D:5      | Entered Level 5 of the Dungeon
   807 | D:5      | Found a staircase to the Ecumenical Temple.
   812 | D:5      | Reached skill level 1 in Fighting
   828 | Temple   | Entered the Ecumenical Temple
   939 | Temple   | Became a worshipper of Vehumet
  1023 | D:5      | Killed from afar by an orc priest

Illustrated notes

Levels and vault maps discovered:
D:1:      dpeg_arrival_simpleton_c, layout_basic,
          shapermc_ecumenical_altar_acropolis
D:2:      layout_loops_corners
D:3:      layout_loops_ring, mainiacjoe_overflow_brackets, serial_shops,
          nicolae_shop_overgrown_old_shop, minmay_misc_feat_tiny
D:4:      layout_rooms, nicolae_overflow_hallway_of_the_gods,
          minmay_misc_feat_chi
D:5:      layout_gridville, minmay_temple_entry_wispy, uniq_sigmund
Temple:   minmay_temple_forest_path

Skill      XL: |  1  2  3  4  5  6  7 |
---------------+----------------------+-----
Fire Magic     | 4 5 |  5.5
Spellcasting   | 3 4 |  4.1
Conjurations   | 4 5 |  5.1
Evocations     | 2 |  2.0
Long Blades    | 1 2 |  2.3
Dodging        | 3 |  3.0
Fighting       | 1 |  1.0
Stealth        | |  1.4

Action                   |  1- 3 |  4- 6 |  7- 9 || total
-------------------------+-------+-------+-------++-------
Melee: Unarmed           |     1 |       |       ||     1
       Long sword        |     5 |    18 |    13 ||    36
 Cast: Foxfire           |    11 |    15 |     6 ||    32
       Scorch            |       |     6 |     7 ||    13
       Flame Wave        |       |       |     2 ||     2
  Use: Scroll            |     1 |       |       ||     1
       Potion            |       |       |     1 ||     1
Armor: Robe              |     1 |     2 |     2 ||     5
Dodge: Dodged            |     4 |     6 |     6 ||    16
